 Dungeon Crawl Stone Soup version 0.13-a0-2832-g473017b (webtiles) character file.

210893 Zylkyth the Imperceptible (level 18, -11/105 (107) HPs)
             Began as a Vampire Enchanter on Aug 26, 2013.
             Was the Champion of Ashenzari.
             Mangled by an orc warrior
             ... wielding a -1,+1 orcish glaive
             ... led by Saint Roka
              (27 damage)
             ... on Level 3 of the Elven Halls on Aug 27, 2013.
             The game lasted 07:40:57 (50361 turns).

Zylkyth the Imperceptible (Vampire Enchanter)      Turns: 50361, Time: 07:40:58

HP -11/105 (107) AC 18     Str  8      XL: 18   Next: 16%
MP  33/33        EV 23     Int 25      God: Ashenzari [******]
Gold 1146        SH 12     Dex 17      Spells: 11 memorised,  1 level left

Res.Fire  : + + .   See Invis. : +   a - +6,+3 dagger (stab) (curse) {=f}
Res.Cold  : + + +   Warding    : .   A - +3 leather armour {rF+} (curse)
Life Prot.: + + +   Conserve   : +   I - +0 dwarf buckler {rF+} (curse)
Res.Poison: +       Res.Corr.  : .   F - +2 cap {Int+3} (curse)
Res.Elec. : .       Clarity    : +   u - +2 orc cloak (curse)
Sust.Abil.: . .     Spirit.Shd : .   q - +2 pair of gloves "Bliag" {rC+ MR+}
Res.Mut.  : .       Stasis     : .   G - +2 pair of boots {Fly} (curse)
Res.Rott. : +       Flight     : +   S - cursed amulet of conservation
Saprovore : . . .                    l - cursed ring of wizardry
                                     Q - cursed +3 ring of dexterity

@: non-regenerating, silence, flying, studying Stealth, quick, very resistant to
hostile enchantments, extremely stealthy
A: bottle blood, fangs 3, see invisible, unbreathing
a: Bat Form, Bottle Blood, Stop Flying
}: 1/15 runes: decaying


You were on level 3 of the Elven Halls.
You worshipped Ashenzari.
Ashenzari was exalted by your worship.
You were bloodless.

You visited 6 branches of the dungeon, and saw 41 of its levels.
You also visited: Trove.

You collected 5403 gold pieces.
You spent 4277 gold pieces at shops.

Inventory:

Hand weapons
 a - a cursed +6,+3 dagger of stabbing (weapon) {=f}
Armour
 q - the cursed +2 pair of gloves "Bliag" (worn) {rC+ MR+}
   (You found it in a treasure trove)

   It protects you from cold.
   It affects your resistance to hostile enchantments.
   It has a curse placed upon it.
 u - a cursed +2 orcish cloak (worn)
 A - a cursed +3 leather armour of fire resistance (worn)
 F - a cursed +2 cap of intelligence (worn)
 G - a cursed +2 pair of boots of flying (worn)
 I - a cursed +0 dwarven buckler of fire resistance (worn)
Magical devices
 j - a wand of fireball (3)
 m - a wand of heal wounds (3)
 n - a wand of disintegration (5)
 v - a wand of fireball (7)
Scrolls
 e - a scroll of fog
 g - a scroll of enchant weapon I
 h - a scroll of amnesia
 k - 3 scrolls of recharging
 p - 4 scrolls of identify
 s - a scroll of magic mapping
 y - a scroll of teleportation
 z - a scroll of remove curse
Jewellery
 l - a cursed ring of wizardry (right hand)
 K - an uncursed ring of wizardry
 Q - a cursed +3 ring of dexterity (left hand)
 S - a cursed amulet of conservation (around neck)
Potions
 f - 3 potions of agility
 i - a potion of restore abilities
 t - 23 potions of curing
 w - 4 potions of heal wounds
 D - a potion of magic
 E - 4 potions of brilliance
Books
 b - a book of the Sky

   Spells                             Type                      Level
   Flight                             Charms/Air                   3
   Airstrike                          Air                          4
   *Silence                           Hexes/Air                    5
   Deflect Missiles                   Charms/Air                   6
   Conjure Ball Lightning             Conjuration/Air              7
   Tornado                            Air                          9
 c - a book of Control

   Spells                             Type                      Level
   Control Teleport                   Charms/Translocation         4
   *Control Undead                    Necromancy                   4
   *Enslavement                       Hexes                        4
   Mass Confusion                     Hexes                        6
   Metabolic Englaciation             Hexes/Ice                    6
 o - a book of Enchantments

   Spells                             Type                      Level
   Cause Fear                         Hexes                        4
   *Silence                           Hexes/Air                    5
   Tukima's Dance                     Hexes                        5
   Deflect Missiles                   Charms/Air                   6
   Haste                              Charms                       6
   Discord                            Hexes                        8
 r - the Reference Book on Stolen Souls
   (You found it on level 2 of the Elven Halls)

   Spells                             Type                      Level
   Animate Skeleton                   Necromancy                   1
   Pain                               Necromancy                   1
   Lethal Infusion                    Charms/Necromancy            2
   Vampiric Draining                  Necromancy                   3
   *Control Undead                    Necromancy                   4
   Dispel Undead                      Necromancy                   5
 x - a book of Burglary

   Spells                             Type                      Level
   *Apportation                       Translocation                1
   *Swiftness                         Charms/Air                   2
   *Passwall                          Transmutation/Earth          3
   Passage of Golubria                Translocation                4
   Lee's Rapid Deconstruction         Earth                        5
   Darkness                           Hexes                        7
 H - a manual of Stealth
Miscellaneous
 C - an ornate deck of changes


   Skills:
 - Level 8.6(13.0) Short Blades
 - Level 0.7 Throwing
 - Level 7.1 Armour
 - Level 11.6(15.8) Dodging
 - Level 24.0(27) Stealth
 - Level 3.3(6.0) Shields
 - Level 8.6 Spellcasting
 + Level 22.0(25.4) Hexes
 - Level 9.2(13.5) Charms
 * Level 3.9(8.1) Necromancy
 - Level 3.1(7.0) Translocations
 - Level 6.2(10.7) Transmutations
 - Level 9.1(13.4) Ice Magic
 * Level 8.4(12.8) Air Magic
 - Level 1.7(4.8) Earth Magic


You had one spell level left.
You knew the following spells:

 Your Spells              Type           Power        Failure   Level  Hunger
a - Corona                Hex            #######      0%          1    None
b - Sure Blade            Hex/Chrm       #######...   0%          2    None
c - Confuse               Hex            #######.     0%          3    None
d - Ensorcelled Hibernat  Hex/Ice        ######       0%          2    None
e - Enslavement           Hex            #######.     0%          4    ##.....
i - Invisibility          Hex            #######.     1%          6    ######.
s - Silence               Hex/Air        #######...   1%          5    ####...
A - Apportation           Tloc           #####.....   1%          1    None
P - Passwall              Trmt/Erth      #####.....   1%          3    None
S - Swiftness             Chrm/Air       ######....   1%          2    None
U - Control Undead        Necr           ######....   1%          4    ##.....


Dungeon Overview and Level Annotations

Branches:
Dungeon (20/27)            Temple (1/1) D:4             Orc (4/4) D:11
    Elf (3/3) Orc:4          Lair (8/8) D:12          Swamp (5/5) Lair:5
  Slime (0/6) Lair:8       Vaults (0/5) D:17
 Shoals: Lair:3-6     Snake: Lair:3-6    Spider: Lair:3-6

Altars:
Ashenzari
Cheibriados
Elyvilon
Fedhas
Kikubaaqudgha
Makhleb
Nemelex Xobeh
Okawaru
Sif Muna
Trog
Vehumet
Xom
Yredelemnul
Zin
the Shining One
Beogh

Shops:
D:4 =+[[   D:9 ?   D:10 +   D:13 +   D:18 !   Orc:2 *   Orc:4 ([}[   Elf:3 +

Portals:
Hell: Lair:8

Annotations:
D:17 exclusion: 2 upstairs
Elf:3 Saint Roka
Lair:2 Gastronok
Lair:4 exclusion: feature mimic
Lair:6 2 exclusions


Innate Abilities, Weirdness & Mutations

You do not heal naturally.
You can bottle blood from corpses.
You have razor-sharp teeth.*
You have supernaturally acute eyesight.
You can survive without breathing.*


Message History

The deep elf conjurer wields a +1,+0 elven long sword.
The chaos spawn misses you.
The deep elf high priest hits you but does no damage.
The sixfirhy completely misses you. The deep elf fighter barely misses you.
The deep elf high priest completely misses you.
An orc comes into view. It is wielding an orcish club.
Drink which item? (? for menu, Esc to quit)
Okay, then.
Drink which item? (? for menu, Esc to quit)
Okay, then.
Drink which item? (? for menu, Esc to quit)
You feel much better.
Your resistance to elements expires.
The sixfirhy completely misses you. The sixfirhy misses you.
The orc wizard's eyes start to glow.
The sixfirhy completely misses you. The orc warrior completely misses you.
You block the small abomination's attack.
The orange demon stings you but does no damage.
The orc warrior hits you from afar with an orcish glaive!
You die...

#.# ##.. ##.## ###
##...## ##.....##
* * ##.......## *
,,, *
##......)..##
,,,,,* *
#.....).)...## **
, ,, #### ,
#......#)..e)4##*
, , * #... ,
,.....###..x@ee#{
, , #### , ....#*
##.ee3442e..# ,
,.(..
*#..o44ooe..# *,,
, . ,,
#....oooee.## ,, ,
,,,......W...o3.#*
, ,
,,,.........#T...
** *,
.....e.o###.. ,,*
#### , ** ......##
*# o { #..) ,,* ,,
....* *,,,, **
#...


You could see Saint Roka, a deep elf blademaster, a deep elf annihilator, a deep
elf death mage, a deep elf sorcerer, a deep elf demonologist, 2 orange demons, 2
deep elf high priests, a hellwing, an iron devil, a spectral elf, a deep elf
conjurer, a troll, a sixfirhy, a tormentor, a ynoxinul, a chaos spawn, 3 orc
warriors, a deep elf fighter, a deep elf mage, a small abomination, 2 orc
wizards and 2 orcs.

Vanquished Creatures
  Nikola (D:14)
  A deep elf blademaster (D:16)
  Agnes (D:14)
  Frances (Elf:3)
  2 deep elf sorcerers (Elf:3)
  Jorgrun (Swamp:2)
  The ghost of profreshinal the Geomancer, a powerful DgEE (Elf:1)
  2 green deaths (Swamp:5)
  A deep elf demonologist (Elf:3)
  Azrael (D:14)
  2 deep elf annihilators (Elf:3)
  2 deep elf death magi (Elf:2)
  2 death oozes (Swamp:5)
  A deep elf high priest (Elf:3)
  Fannar (Lair:5)
  16 hydras
  Harold (Swamp:1)
  Josephine (D:12)
  A great orb of eyes (D:17)
  6 alligators
  A hydra (shapeshifter) (Elf:1)
  5 death yaks
  3 ogre magi
  A ravenous feature mimic (Elf:2)
  The ghost of Bikalo the Archer, an experienced CeHu of Okawaru (D:8)
  8 orc high priests
  3 very ugly things (Swamp:5)
  A sun demon (Lair:8)
  2 spectral elves (Elf:2)
  Nergalle (Lair:3)
  A catoblepas (D:16)
  13 skeletal warriors
  17 centaur warriors
  A large abomination (Swamp:5)
  4 unseen horrors
  12 deep elf knights
  A wizard (Lair:8)
  10 hill giants
  An ice statue (D:18)
  7 swamp dragons
  A giant amoeba (D:18)
  Pikel (D:4)
  8 deep elf conjurers
  A wolf spider zombie (D:18)
  2 orc knights (Orc:3)
  9 griffons
  4 cyclopes
  3 wolf spiders
  5 oklob plants (Lair:8)
  2 black mambas
  A necromancer (Elf:2)
  An orc sorcerer (Elf:1)
  Maurice (D:9)
  A spiny worm (D:19)
  A frost giant skeleton (D:19)
  2 elephants (Lair:6)
  An eye of devastation (D:15)
  9 deep elf summoners
  A smoke demon (Lair:8)
  6 orange demons
  Psyche (D:10)
  A feature mimic (Lair:2)
  The ghost of katzbalger the Skirmisher, an experienced OpCK of Xom (D:7)
  22 spiny frogs
  4 yaktaurs
  A redback zombie (D:18)
  7 komodo dragons
  A queen bee (Lair:4)
  7 trolls
  Grinder (D:4)
  2 red devils (Lair:8)
  17 deep elf priests
  A polar bear (D:18)
  2 fire drakes (Lair:8)
  A hydra zombie (Lair:8)
  10 giant leeches
  A wolf spider simulacrum (D:16)
  6 two-headed ogres
  7 hellwings (Lair:8)
  12 bog bodies
  2 ravens (Swamp:2)
  A basilisk (Lair:2)
  45 slime creatures
  32 blink frogs
  5 wraiths
  2 redbacks (Orc:3)
  A vampire (D:15)
  3 shadows
  72 yaks
  41 ugly things
  10 hippogriffs
  15 deep elf magi
  3 fire elementals
  Eustachio (Orc:1)
  43 deep elf fighters
  2 hogs (D:14)
  A hell beast (Swamp:5)
  4 sharks
  4 wyverns
  3 hungry ghosts
  2 hill giant zombies
  2 steam dragons
  21 vampire mosquitoes
  2 manticores
  Menkaure (D:4)
  34 swamp worms
  2 mottled dragons
  6 wolves
  An orange crystal statue (Lair:1)
  7 swamp drakes
  A deep troll skeleton (D:17)
  2 nagas (Lair:6)
  A slave (D:4)
  A yellow wasp (D:12)
  24 orc warriors
  4 hell hounds
  5 sky beasts
  A soldier ant (D:18)
  6 ice beasts
  3 necrophages
  37 centaurs
  3 black bears
  3 porcupines
  23 ogres
  A human (D:14)
  13 giant goldfish
  A boring beetle (Lair:4)
  3 phantoms
  5 rotting devils
  6 crocodiles
  Sigmund (D:4)
  6 giant slugs
  5 wargs
  A yaktaur skeleton (D:19)
  9 agate snails
  2 brain worms
  14 water moccasins
  3 big kobolds
  23 giant frogs
  26 insubstantial wisps
  2 cyclops zombies (D:16)
  A troll zombie (D:7)
  A cyclops skeleton (D:12)
  15 jellyfish
  64 killer bees
  2 troll skeletons
  3 yak zombies
  A yak skeleton (D:14)
  10 electric eels
  3 giant frog zombies
  15 wights
  Dowan (D:4)
  9 crimson imps
  4 goliath beetles
  46 orc priests
  2 quasits
  3 human zombies (D:7)
  2 jellies (D:10)
  4 scorpions
  A two-headed ogre zombie (D:14)
  9 hounds
  Crazy Yiuf (D:4)
  2 giant frog skeletons
  2 human skeletons (D:7)
  A basilisk skeleton (D:12)
  17 big fish
  6 spiders (D:10)
  A two-headed ogre skeleton (D:7)
  5 iguanas
  32 orc wizards
  A black bear skeleton (D:7)
  4 orange rats (Elf:1)
  12 worker ants
  2 spectral orcs (Lair:3)
  A mottled dragon zombie (D:16)
  7 sheep (Lair:6)
  Ijyb (D:6)
  4 boggarts (D:18)
  An ogre skeleton (D:7)
  A hound zombie (D:5)
  2 mummies
  A steam dragon zombie (D:6)
  9 elf zombies (Elf:2)
  94 green rats
  2 giant mites
  31 adders
  6 giant centipedes
  3 white imps (D:18)
  An inept item mimic (D:6)
  3 worms
  2 goliath beetle zombies (D:10)
  An iguana zombie (D:7)
  5 giant eyeballs
  4 giant geckos
  221 orcs
  21 bats
  A bat skeleton (D:5)
  4 giant cockroaches
  24 goblins
  18 hobgoblins
  20 jackals
  24 kobolds
  8 quokkas
  5 giant newts
  3 giant spores (D:12)
  A goblin skeleton (D:4)
  A hobgoblin zombie (D:6)
  3 illusory rakshasas (D:16)
  A kobold skeleton (D:4)
  An orc zombie (D:8)
  19 rats
  9 ballistomycetes (D:12)
  A crawling corpse (Elf:2)
  5 fungi
  A plant (D:12)
1758 creatures vanquished.

Vanquished Creatures (collateral kills)
  Rupert (Swamp:4)
  A deep elf summoner (Elf:1)
  A deep elf priest (Elf:1)
  A big fish (Lair:6)
  A sheep (Lair:6)
  2 kobolds (D:8)
7 creatures vanquished.

Vanquished Creatures (others)
  Wiglaf (Swamp:4)
  A deep elf priest (D:16)
  4 deep elf magi (D:16)
  5 deep elf fighters
  A slave (D:4)
  A centaur (D:17)
  Blork the orc (D:4)
  An orc priest (D:4)
  2 orcs
  A giant cockroach (D:4)
  A giant spore (D:12)
  A kobold (D:8)
  An orc skeleton (D:4)
  2 bushes (Lair:8)
  A butterfly (D:13)
  20 fungi
  10 plants
54 creatures vanquished.

Grand Total: 1819 creatures vanquished

Notes
Turn   | Place    | Note
--------------------------------------------------------------
     0 | D:1      | Zylkyth, the Vampire Enchanter, began the quest for the Orb.
     0 | D:1      | Reached XP level 1. HP: 13/13 MP: 4/4
   177 | D:1      | Reached XP level 2. HP: 10/19 MP: 5/5
   277 | D:1      | Learned a level 2 spell: Sure Blade
   753 | D:2      | Reached XP level 3. HP: 24/24 MP: 7/7
  1064 | D:2      | Reached skill level 5 in Hexes
  1101 | D:2      | Found a sparkling altar of Nemelex Xobeh.
  1372 | D:2      | Reached XP level 4. HP: 30/30 MP: 9/9
  2631 | D:4      | Noticed a slave
  2635 | D:4      | Reached skill level 6 in Hexes
  2635 | D:4      | Reached XP level 5. HP: 35/35 MP: 11/11
  2704 | D:4      | Found Faadaak's Jewellery Shoppe.
  2785 | D:4      | Noticed Grinder
  2805 | D:4      | Killed Grinder
  2805 | D:4      | Reached skill level 5 in Stealth
  2805 | D:4      | Reached skill level 7 in Hexes
  2805 | D:4      | Reached XP level 6. HP: 9/41 MP: 5/14
  2813 | D:4      | Learned a level 6 spell: Invisibility
  2817 | D:4      | Learned a level 3 spell: Confuse
  2969 | D:3      | HP: 2/41 [orc/orcish club (4)]
  3146 | D:4      | Noticed Blork the orc
  3146 | D:4      | Noticed a slave
  3146 | D:4      | Noticed a slave
  3147 | D:4      | Noticed a slave
  7899 | D:4      | Found Ycurut's Armour Shop.
  7905 | D:4      | Found Rutujeef's Book Emporium.
  7957 | D:4      | Noticed Dowan
  7992 | D:4      | Killed Dowan
  8534 | D:4      | Noticed Crazy Yiuf
  8540 | D:4      | Killed Crazy Yiuf
  8694 | D:4      | Reached skill level 8 in Hexes
  8694 | D:4      | Reached XP level 7. HP: 37/46 MP: 16/16
  8900 | D:4      | Noticed Pikel
  8922 | D:4      | Found Doytse Mnae's Antique Armour Shop.
  8949 | D:4      | Killed Pikel
  8949 | D:4      | Reached skill level 10 in Hexes
  9002 | D:4      | Reached XP level 8. HP: 14/52 MP: 16/18
  9077 | D:4      | Killed Blork the orc
  9178 | D:4      | Killed a freed slave
  9504 | D:4      | Noticed Menkaure
  9507 | D:4      | Killed Menkaure
  9525 | D:4      | Noticed Sigmund
  9582 | D:4      | Killed Sigmund
  9964 | D:4      | Found a staircase to the Ecumenical Temple.
  9975 | Temple   | Entered the Ecumenical Temple
  9983 | Temple   | Became a worshipper of Ashenzari the Shackled
 10259 | D:4      | Killed a freed slave
 10272 | D:5      | Entered Level 5 of the Dungeon
 10483 | D:5      | Identified the -1,+0 dagger of Trial by Ordeal {holy, Int+3} (You found it on level 5 of the Dungeon)
 10550 | D:5      | Learned a level 2 spell: Ensorcelled Hibernation
 11360 | D:6      | Noticed Ijyb
 11366 | D:6      | Killed Ijyb
 11386 | D:6      | Reached skill level 5 in Short Blades
 11514 | D:6      | Reached XP level 9. HP: 56/56 MP: 21/21
 11524 | D:6      | Noticed an orange demon
 11524 | D:6      | Noticed an orange demon
 11524 | D:6      | Noticed an orange demon
 11525 | D:6      | Noticed an orange demon
 11531 | D:6      | Killed an orange demon
 11531 | D:6      | Reached skill level 5 in Spellcasting
 11531 | D:6      | Reached skill level 11 in Hexes
 11537 | D:6      | Noticed an orange demon
 11543 | D:6      | Killed an orange demon
 11604 | D:6      | Reached skill level 10 in Stealth
 11767 | D:7      | Noticed katzbalger's ghost (experienced OpCK)
 11783 | D:7      | Killed katzbalger's ghost
 12025 | D:7      | Learned a level 4 spell: Enslavement
 12054 | D:6      | Noticed an orange demon
 12070 | D:6      | Killed an orange demon
 12107 | D:4      | Bought a +2 pair of boots of flying for 239 gold pieces
 12596 | D:7      | Reached skill level 12 in Hexes
 12939 | D:7      | Reached XP level 10. HP: 62/62 MP: 22/22
 12977 | D:7      | Found a basalt altar of Yredelemnul.
 13271 | D:8      | Noticed Bikalo's ghost (experienced CeHu)
 13464 | D:8      | Killed Bikalo's ghost
 13464 | D:8      | Reached skill level 13 in Hexes
 13494 | D:8      | Acquired Ashenzari's first power
 14572 | D:9      | Found a bloodstained altar of Trog.
 14603 | D:9      | Found a radiant altar of Vehumet.
 14664 | D:9      | Reached skill level 1 in Ice Magic
 14990 | D:9      | Found Pham's Magic Scroll Shoppe.
 14992 | D:9      | Found a radiant altar of Vehumet.
 15002 | D:9      | Bought a scroll of curse armour for 26 gold pieces
 15081 | D:9      | Noticed Maurice
 15091 | D:9      | Killed Maurice
 15306 | D:10     | Entered Level 10 of the Dungeon
 15375 | D:10     | Reached skill level 14 in Hexes
 15405 | D:10     | Noticed an unseen horror
 15433 | D:10     | Reached XP level 11. HP: 67/67 MP: 24/24
 15435 | D:10     | Killed an unseen horror
 15435 | D:10     | Reached skill level 5 in Ice Magic
 15537 | D:10     | Noticed Psyche
 15555 | D:10     | Killed Psyche
 15576 | D:10     | Found Abass' Book Shoppe.
 15694 | D:10     | Noticed a hill giant
 15745 | D:10     | Killed a hill giant
 15965 | D:10     | Acquired Ashenzari's second power
 16139 | D:11     | Noticed a hill giant
 16150 | D:11     | Killed a hill giant
 16244 | D:11     | Noticed a skeletal warrior
 16363 | D:11     | Noticed a skeletal warrior
 16365 | D:11     | Noticed a skeletal warrior
 16366 | D:11     | Noticed a skeletal warrior
 16369 | D:11     | Killed a skeletal warrior
 16371 | D:11     | Noticed a skeletal warrior
 16373 | D:11     | Killed a skeletal warrior
 16375 | D:11     | Killed a skeletal warrior
 16375 | D:11     | Reached skill level 15 in Hexes
 16379 | D:11     | Killed a skeletal warrior
 16384 | D:11     | Killed a skeletal warrior
 16427 | D:11     | Found a staircase to the Orcish Mines.
 17014 | D:11     | Reached XP level 12. HP: 64/74 MP: 19/25
 17069 | D:11     | Noticed a hill giant
 17084 | D:11     | Killed a hill giant
 17408 | D:12     | Reached skill level 1 in Charms
 17488 | D:12     | Reached skill level 15 in Stealth
 17546 | D:12     | Noticed Josephine
 17701 | D:12     | Reached skill level 16 in Hexes
 17895 | D:12     | Found a staircase to the Lair.
 17930 | D:12     | Killed Josephine
 18148 | D:12     | Acquired Ashenzari's third power
 18151 | D:12     | Reached skill level 5 in Dodging
 19240 | D:13     | Reached XP level 13. HP: 79/79 MP: 25/25
 19275 | D:13     | Found Lujeheb's Book Emporium.
 19939 | D:4      | Bought a book of Geomancy for 455 gold pieces
 19943 | D:4      | Learned a level 3 spell: Passwall
 20124 | D:14     | Entered Level 14 of the Dungeon
 20179 | D:14     | Found a portal to a secret trove of treasure.
 20183 | Trove    | Entered a treasure trove
 20188 | Trove    | Identified the cursed +1 pair of gloves "Juymex" {rPois rC+}
 20188 | Trove    | Identified the cursed +2 pair of gloves "Bliag" {rC+ MR+}
 20188 | Trove    | Identified the +2 ring mail of the Valley {rC+ rN+ Int-1}
 20189 | Trove    | Identified the +6 scale mail of Nemelex Xobeh's Hatred {Str+2 Dex+1 Int+2}
 20189 | Trove    | Identified the cursed +0 pair of boots "Jiceur" {Dex+3}
 20398 | D:14     | Reached skill level 1 in Shields
 20471 | D:14     | Reached skill level 17 in Hexes
 20909 | D:14     | Found a snail-covered altar of Cheibriados.
 20913 | D:14     | Noticed Agnes
 21088 | D:14     | Reached skill level 1 in Transmutations
 21091 | D:14     | Noticed Nikola
 21093 | D:14     | Killed Nikola
 21468 | Lair:1   | Entered Level 1 of the Lair of Beasts
 21561 | Lair:1   | Acquired Ashenzari's fourth power
 21792 | Lair:1   | Identified the +2 ring mail of the Lizard {rF+}
 21873 | Lair:1   | Reached skill level 5 in Transmutations
 22444 | Lair:2   | Noticed Gastronok
 22655 | Lair:3   | Reached XP level 14. HP: 85/85 MP: 27/27
 22816 | Lair:3   | Reached skill level 1 in Armour
 22816 | Lair:3   | Reached skill level 18 in Hexes
 22922 | Lair:3   | Noticed Nergalle
 22966 | Lair:3   | Killed Nergalle
 24671 | Lair:4   | Found a staircase to the Shoals.
 24672 | Lair:4   | the staircase to the Shoals was a mimic.
 24956 | Lair:4   | Identified a scroll of acquirement
 24956 | Lair:4   | Identified the cursed ring of the Lobster {rF+ rC+ MR++} (You acquired it on level 4 of the Lair of Beasts)
 25172 | Lair:5   | Noticed Fannar
 25179 | Lair:5   | Killed Fannar
 25185 | Lair:5   | Found a staircase to the Swamp.
 26006 | Lair:6   | Reached skill level 5 in Armour
 26987 | Lair:8   | Entered Level 8 of the Lair of Beasts
 27818 | Lair:8   | Found a staircase to the Slime Pits.
 27824 | Lair:8   | Reached skill level 19 in Stealth
 28263 | Lair:8   | Reached XP level 15. HP: 82/90 MP: 5/27
 28565 | Lair:8   | Found a burning altar of Makhleb.
 28569 | Lair:8   | Found a gateway to Hell.
 29904 | D:4      | Bought a book of Enchantments for 650 gold pieces
 29904 | D:4      | Bought a manual of Stealth for 1435 gold pieces
 30021 | Orc:1    | Entered Level 1 of the Orcish Mines
 30038 | Orc:1    | Noticed Eustachio
 30050 | Orc:1    | Killed Eustachio
 30050 | Orc:1    | Reached skill level 1 in Earth Magic
 30729 | Orc:2    | Found Ydeydeps' General Store.
 30804 | Orc:2    | Bought a scroll of remove curse for 42 gold pieces
 31632 | Orc:3    | Reached skill level 20 in Stealth
 32006 | Orc:4    | Entered Level 4 of the Orcish Mines
 32141 | Orc:4    | Found a shimmering altar of Xom.
 32302 | Orc:4    | Found Mighurhi's Antique Weapon Shop.
 32358 | Orc:4    | Found Jotuit's Antique Armour Shoppe.
 32692 | Orc:4    | Found Mewoc's Gadget Shop.
 32692 | Orc:4    | Found Oguimm's Antique Armour Shoppe.
 32894 | Orc:4    | Found a roughly hewn altar of Beogh.
 33121 | Orc:4    | Found a staircase to the Elven Halls.
 33778 | Orc:3    | Reached skill level 21 in Stealth
 34718 | D:14     | Killed Agnes
 34720 | D:14     | Reached skill level 5 in Charms
 34740 | D:14     | Noticed Azrael
 35120 | D:14     | Reached skill level 22 in Stealth
 35162 | D:15     | Entered Level 15 of the Dungeon
 35328 | D:15     | Learned a level 5 spell: Silence
 35606 | D:14     | Killed Azrael
 35606 | D:14     | Reached skill level 1 in Air Magic
 37122 | D:16     | Reached skill level 23 in Stealth
 37644 | D:16     | Noticed a deep elf blademaster
 37659 | D:16     | Killed a deep elf blademaster
 37659 | D:16     | Reached XP level 16. HP: 90/96 MP: 19/29
 38363 | D:16     | Identified the amulet of Cous {Spirit rN+}
 38363 | D:16     | Identified the amulet of Haebacw {rMut rC- Acc+2}
 38655 | D:16     | Found an ancient bone altar of Kikubaaqudgha.
 38764 | D:16     | Reached skill level 5 in Air Magic
 39057 | D:17     | Found a staircase to the Vaults.
 39662 | D:17     | Identified the +3,+1 dagger of Discomfort {venom, +Blink +Inv MR++}
 39930 | D:18     | Reached skill level 24 in Stealth
 40028 | D:18     | Upgraded the game from 0.13-a0-2816-gd8154f0 to 0.13-a0-2832-g473017b
 40606 | D:18     | Found Syviteg's Distillery.
 41218 | Lair:2   | Learned a level 2 spell: Swiftness
 41220 | Lair:2   | Learned a level 1 spell: Apportation
 41304 | D:10     | Bought a book of the Sky for 715 gold pieces
 41304 | D:10     | Bought a book of Control for 715 gold pieces
 42805 | D:20     | Entered Level 20 of the Dungeon
 43174 | Swamp:1  | Entered Level 1 of the Swamp
 43253 | Swamp:1  | Noticed Harold
 43268 | Swamp:1  | Killed Harold
 43361 | Swamp:1  | Reached skill level 1 in Translocations
 44039 | Swamp:2  | Identified the +11,+7 quarterstaff "Opysophi" {freeze, Stlth--}
 44469 | Swamp:2  | Noticed Jorgrun
 44481 | Swamp:2  | Killed Jorgrun
 44692 | Swamp:3  | Reached XP level 17. HP: 99/99 MP: 22/32
 45306 | Swamp:4  | Noticed Rupert
 45307 | Swamp:4  | Noticed Wiglaf
 45330 | Swamp:4  | Killed Wiglaf
 45338 | Swamp:4  | Killed Rupert
 45871 | Swamp:5  | Entered Level 5 of the Swamp
 45887 | Swamp:5  | Reached skill level 10 in Dodging
 46414 | Swamp:5  | Got a decaying rune of Zot
 47460 | Elf:1    | Entered Level 1 of the Elven Halls
 47495 | Elf:1    | Noticed profreshinal's ghost (powerful DgEE)
 47509 | Elf:1    | Killed profreshinal's ghost
 49099 | Elf:2    | Identified the Reference Book on Stolen Souls (You found it on level 2 of the Elven Halls)
 49108 | Elf:2    | Learned a level 4 spell: Control Undead
 49794 | Elf:3    | Entered Level 3 of the Elven Halls
 49796 | Elf:3    | Reached skill level 1 in Necromancy
 50018 | Elf:3    | Reached XP level 18. HP: 105/105 MP: 33/33
 50071 | Elf:3    | Noticed Frances
 50074 | Elf:3    | Killed Frances
 50136 | Elf:3    | Found Icraym's Book Shoppe.
 50347 | Elf:3    | Noticed Saint Roka
 50360 | Elf:3    | HP: 2/105 [small abomination[a deep elf death mage] (12)]
 50361 | Elf:3    | Mangled by an orc warrior

Action                   |  1- 3 |  4- 6 |  7- 9 | 10-12 | 13-15 | 16-18 || total
-------------------------+-------+-------+-------+-------+-------+-------++-------
Melee: Dagger            |   182 |   287 |   247 |   514 |  2059 |  1450 ||  4739
Throw: Dart              |       |       |       |     2 |     1 |       ||     3
 Cast: Sure Blade        |    28 |    52 |    12 |       |       |       ||    92
       Corona            |       |     9 |     5 |     2 |    13 |     5 ||    34
       Confuse           |       |     6 |    16 |    20 |    47 |    82 ||   171
       Invisibility      |       |     1 |    11 |    24 |    44 |    27 ||   107
       Ensorcelled Hiber |       |       |    31 |    89 |   365 |   211 ||   696
       Enslavement       |       |       |       |     2 |     4 |    28 ||    34
       Passwall          |       |       |       |       |    14 |    17 ||    31
       Silence           |       |       |       |       |     2 |     2 ||     4
       Apportation       |       |       |       |       |       |     2 ||     2
       Swiftness         |       |       |       |       |       |     3 ||     3
       Control Undead    |       |       |       |       |       |     4 ||     4
 Abil: Evoke Flight      |       |       |     1 |       |     3 |     1 ||     5
       End Transformatio |       |       |       |     1 |     1 |     1 ||     3
       Bat Form          |       |       |       |     1 |     1 |     1 ||     3
       Stop Flying       |       |       |       |       |     1 |       ||     1
Evoke: Wand              |       |     5 |     6 |     4 |     6 |    24 ||    45
  Use: Potion            |     1 |     6 |     4 |     1 |     7 |     5 ||    24
       Scroll            |       |    14 |     7 |    13 |    25 |    13 ||    72
 Stab: Sleeping          |     5 |     6 |    50 |   160 |   558 |   309 ||  1088
       Confused          |       |     2 |     8 |    10 |    21 |    29 ||    70
       Invisible         |       |       |    13 |    63 |   111 |    71 ||   258
       Paralysed         |       |       |     1 |       |       |       ||     1
       Betrayed ally     |       |       |       |     1 |       |       ||     1
       Distracted        |       |       |       |     1 |    10 |    11 ||    22
       Fleeing           |       |       |       |       |       |     1 ||     1
